Map: [ESL] Stargazers

Players

Dark - Winner!

  • Race: Zerg Zerg
  • Spawn Location: 11:00

Maru

  • Race: Terran Terran
  • Spawn Location: 1:00

Event: DreamHack SC2 Masters 2022 Valencia

VOD

https://youtu.be/yq8tQB9i_D0

Description

Time

  • Played on: July 3, 2022, 4:13 p.m.
  • Length: 13:26

All games in this series

Show
View Real Time Build Order
Export as new Build Order

Dark Zerg - Winner!

Build Orders: Hatch First 

Get SALT Encoding   

  12  0:00  Drone  
  13  0:13  Overlord  
  13  0:16  Drone  
  14  0:32  Drone x2  
  16  0:48  Hatchery  
  15  0:51  Drone  
  16  0:57  Drone  
  17  1:11  Drone, Spawning Pool  
  17  1:15  Drone  
  18  1:25  Drone  
  19  1:40  Drone  
  20  2:00  Hatchery  
  19  2:01  Queen, Zergling x8  
  25  2:10  Extractor  
  25  2:12  Zergling x2  
  25  2:14  Drone  
  26  2:32  Queen  
  26  2:36  Overlord  
  26  2:37  Overlord  
  28  2:55  Drone  
  28  2:56  Drone  
  30  3:00  Drone x3  
  33  3:08  Queen  
  33  3:10  Drone  
  36  3:15  Queen  
  36  3:16  Drone  
  38  3:20  Metabolic Boost  
  38  3:24  Drone  
  39  3:28  Zergling x2  
  39  3:29  Zergling x2  
  42  3:34  Drone  
  42  3:41  Drone x2  
  44  3:48  Overlord  
  44  3:52  Overlord  
  44  4:02  Overlord  
  44  4:06  Drone x2, Queen  
  44  4:07  Drone x3  
  51  4:15  Queen  
  51  4:16  Drone x2  
  55  4:29  Hatchery  
  54  4:36  Zergling x4  
  54  4:37  Zergling x4  
  56  4:41  Zergling x4  
  56  4:44  Drone  
  57  4:47  Spore Crawler, Queen  
  57  4:49  Drone  
  59  4:54  Drone x2  
  59  4:55  Drone  
  59  4:56  Zergling x2  
  63  5:01  Drone  
  63  5:04  Drone x2  
  66  5:09  Queen  
  66  5:11  Baneling Nest  
  66  5:13  Overlord  
  67  5:14  Overlord  
  67  5:21  Overlord  
  67  5:27  Lair  
  67  5:31  Drone  
  67  5:33  Drone  
  67  5:34  Drone x2  
  71  5:36  Drone x4  
  71  5:38  Roach Warren  
  75  5:43  Drone  
  75  5:45  Drone  
  77  5:50  Drone x2  
  77  5:53  Drone, Extractor  
  77  5:54  Extractor  
  77  5:55  Extractor  
  77  5:56  Extractor  
  76  5:59  Drone x3  
  76  6:00  Evolution Chamber  
  76  6:01  Evolution Chamber  
  76  6:03  Drone x4  
  80  6:04  Drone  
  80  6:06  Drone  
  82  6:14  Drone x2  
  82  6:15  Drone  
  82  6:16  Extractor  
  84  6:22  Roach  
  86  6:27  Zerg Missile Weapons Level 1, Drone x2  
  86  6:29  Zerg Ground Armor Level 1  
  86  6:31  Overlord  
  86  6:32  Drone  
  89  6:33  Overlord  
  89  6:34  Overlord  
  89  6:39  Overlord  
  89  6:40  Overseer  
  89  6:43  Overlord  
  89  6:47  Overlord  
  89  6:50  Drone x3  
  89  6:51  Roach x2  
  96  6:55  Glial Reconstitution  
  96  6:56  Drone x2  
  98  7:01  Roach  
  98  7:02  Roach, Hatchery  
  98  7:04  Roach  
  98  7:05  Roach  
  98  7:07  Ravager  
  106  7:08  Roach  
  106  7:14  Ravager x2  
  110  7:16  Roach x4  
  110  7:18  Roach  
  120  7:26  Drone  
  120  7:27  Roach x2  
  120  7:28  Roach  
  124  7:54  Roach x3  
  124  7:56  Drone x2  
  124  7:57  Drone x6  
  138  7:59  Infestation Pit  
  138  8:00  Baneling Nest  
  138  8:02  Drone, Hatchery  
  138  8:04  Hatchery  
  135  8:11  Drone x3  
  135  8:12  Hatchery  
  137  8:17  Ravager  
  137  8:18  Overlord x2  
  138  8:20  Overlord  
  138  8:21  Overlord, Zerg Melee Weapons Level 1  
  138  8:29  Baneling Nest  
  138  8:31  Zerg Ground Armor Level 2  
  138  8:32  Overlord x2  
  138  8:38  Zergling x12  
  138  8:39  Ravager  
  138  8:40  Ravager  
  146  8:46  Hive  
  146  8:48  Centrifugal Hooks  
  146  8:51  Zergling x6  
  146  8:52  Baneling  
  149  8:56  Ravager  
  149  8:57  Zergling x6  
  154  9:03  Ravager x2  
  154  9:04  Zergling x10  
  154  9:06  Baneling x3  
  154  9:09  Drone x2  
  161  9:10  Zergling x2  
  161  9:11  Zergling x2  
  163  9:21  Drone x2  
  165  9:28  Zergling x24, Baneling  
  165  9:29  Baneling x2  
  177  9:37  Zergling x12  
  183  9:51  Zergling x18  
  189  9:54  Burrow  
  189  9:57  Viper x2, Pneumatized Carapace  
  189  9:59  Adrenal Glands  
  193  10:09  Drone x4  
  193  10:10  Spore Crawler  
  193  10:11  Spore Crawler  
  193  10:12  Spore Crawler  
  194  10:15  Ultralisk Cavern  
  191  10:31  Baneling x9  
  191  10:34  Drone  
  191  10:35  Zergling x18  
  200  10:38  Zerg Melee Weapons Level 2  
  200  10:40  Baneling x2  
  199  10:43  Baneling x2  
  199  10:44  Baneling  
  198  11:28  Zergling x2  
  198  11:32  Baneling x2  
  159  11:49  Chitinous Plating  
  159  11:52  Ultralisk x2  
  151  11:55  Zergling x68  
  151  11:56  Zergling x8  
  151  12:00  Ultralisk, Zergling x4  
  176  12:11  Drone  
  176  12:13  Zergling x16  
  185  12:19  Zergling x4  
  185  12:20  Zergling x2  
  186  12:26  Zergling x2  
  186  12:27  Zergling x4  
  186  12:29  Overlord  
  184  12:30  Overlord  
  184  12:31  Baneling x9  
  184  12:32  Baneling x8, Zergling x8  
  184  12:33  Overseer x2  
  188  12:38  Drone  
  188  12:39  Zergling x8  
  188  12:43  Baneling x3  
  188  12:44  Baneling x6  
  193  12:45  Zergling x14  
  193  12:48  Hatchery  
  193  12:49  Zergling x4  
  198  12:54  Zergling x2  
  198  12:55  Zergling x2  
  199  13:01  Baneling  
  199  13:02  Baneling x2  
Show
View Real Time Build Order
Export as new Build Order

Maru Terran 

Build Orders:  

Get SALT Encoding   

  12  0:00  SCV  
  13  0:12  SCV  
  14  0:18  Supply Depot  
  14  0:24  SCV  
  15  0:40  Barracks  
  15  0:50  Barracks  
  15  0:53  SCV  
  16  1:04  Refinery  
  16  1:06  SCV  
  17  1:18  SCV  
  18  1:27  Marine  
  18  1:30  Orbital Command  
  19  1:36  Supply Depot  
  19  1:38  Marine  
  20  1:44  Marine  
  21  1:50  Bunker  
  21  1:56  SCV  
  21  1:57  Marine  
  23  2:02  Marine  
  24  2:09  SCV  
  25  2:16  Factory  
  25  2:20  Bunker  
  25  2:21  Marine  
  26  2:24  Marine  
  26  2:28  SCV  
  27  2:37  Supply Depot  
  27  2:40  SCV  
  28  2:47  Marine  
  30  2:52  SCV  
  30  3:00  Factory Reactor, Starport  
  30  3:04  SCV  
  31  3:16  SCV  
  32  3:22  Command Center  
  32  3:29  SCV  
  32  3:31  Refinery  
  33  3:36  Supply Depot  
  33  3:39  Medivac  
  35  3:46  Hellion  
  37  3:49  SCV  
  38  3:58  Hellion  
  40  4:10  SCV  
  40  4:13  Hellion  
  43  4:19  Viking  
  43  4:20  Hellion  
  47  4:27  Supply Depot  
  47  4:29  Barracks Tech Lab  
  47  4:34  SCV  
  42  4:46  Orbital Command, SCV  
  42  4:51  Marine, Stimpack  
  44  4:55  Orbital Command  
  44  4:58  SCV, Starport Reactor  
  45  5:01  Barracks  
  45  5:02  Barracks  
  45  5:05  Factory Tech Lab  
  45  5:09  Engineering Bay  
  45  5:10  SCV  
  46  5:21  SCV  
  46  5:22  SCV  
  46  5:26  Siege Tank  
  51  5:31  Supply Depot  
  51  5:34  SCV  
  52  5:41  Marine  
  52  5:42  SCV  
  52  5:45  Terran Infantry Weapons Level 1  
  52  5:46  SCV  
  53  5:50  Starport Reactor  
  53  5:51  Refinery  
  53  5:53  Marine  
  53  5:54  SCV, Marine x4  
  59  5:58  Marine  
  59  5:59  Siege Tank  
  59  6:00  SCV  
  64  6:05  Supply Depot  
  64  6:06  SCV  
  65  6:11  Marine x2  
  65  6:12  SCV  
  65  6:14  Supply Depot  
  68  6:18  SCV  
  68  6:24  SCV, Marine x4  
  74  6:30  Medivac  
  74  6:31  SCV  
  74  6:32  Medivac  
  79  6:44  Command Center  
  79  6:45  SCV  
  80  6:52  Combat Shield  
  80  6:53  SCV  
  81  6:56  Marine x3  
  81  6:58  Refinery, SCV  
  85  7:04  Barracks  
  85  7:05  SCV  
  86  7:10  Marine x3  
  86  7:12  Supply Depot  
  86  7:13  Marine  
  86  7:14  Siege Tank  
  93  7:17  SCV  
  94  7:25  Supply Depot  
  94  7:27  Supply Depot  
  94  7:30  Barracks Tech Lab  
  94  7:33  SCV  
  95  7:39  Terran Infantry Armor Level 1  
  95  7:41  Marine  
  95  7:42  Marine, Marauder  
  94  7:44  SCV  
  94  7:46  SCV, Siege Tank  
  94  7:47  Medivac  
  97  7:56  Orbital Command, Barracks Reactor  
  97  7:57  SCV  
  97  7:58  SCV  
  98  8:00  Medivac  
  100  8:07  Marine x2, Marauder  
  100  8:08  Marine x2  
  100  8:09  SCV  
  100  8:12  SCV  
  108  8:18  Marauder  
  110  8:21  SCV  
  110  8:22  SCV  
  110  8:24  SCV, Marine  
  110  8:25  Marine  
  115  8:28  Supply Depot  
  115  8:30  Armory  
  115  8:32  Engineering Bay  
  115  8:33  SCV  
  116  8:37  Marine x4, Marauder  
  116  8:39  SCV x2  
  124  8:44  Supply Depot  
  124  8:45  SCV  
  125  8:51  SCV  
  125  8:52  Command Center  
  125  8:55  Marine x3, Marauder  
  130  8:59  Siege Tank, Marauder  
  130  9:00  SCV  
  130  9:02  Refinery  
  137  9:04  Refinery  
  137  9:06  Supply Depot  
  136  9:14  SCV  
  136  9:15  Marine  
  136  9:16  Factory  
  140  9:17  Marauder  
  140  9:21  Terran Infantry Weapons Level 2, Terran Vehicle Weapons Level 1  
  139  9:25  SCV x2  
  139  9:26  SCV  
  139  9:30  Medivac x2  
  139  9:31  Siege Tank, Marine x5  
  150  9:37  Supply Depot  
  154  9:38  Supply Depot  
  154  9:41  Terran Infantry Armor Level 2  
  154  9:47  SCV x2  
  155  10:05  Barracks  
  155  10:06  Barracks  
  155  10:08  Barracks  
  155  10:10  Factory Tech Lab  
  155  10:15  Marine  
  155  10:16  SCV, Ghost Academy, Marauder  
  155  10:17  SCV  
  155  10:18  SCV  
  161  10:28  SCV  
  161  10:29  SCV  
  161  10:30  SCV  
  161  10:32  Siege Tank  
  167  10:40  SCV  
  167  10:42  Planetary Fortress  
  168  10:45  Command Center  
  168  10:51  Ghost x2  
  168  10:53  Barracks Tech Lab x2, Personal Cloaking  
  168  10:55  Refinery  
  168  10:56  Refinery, Barracks Tech Lab  
  172  11:01  Supply Depot  
  172  11:03  Supply Depot  
  170  11:19  Ghost x3  
  170  11:20  Ghost  
  178  11:35  Command Center  
  178  11:37  Sensor Tower  
  178  11:40  Ghost  
  143  11:47  Ghost  
  143  11:48  Ghost x3  
  143  11:51  SCV  
  125  11:56  Orbital Command  
  121  12:01  Siege Tank  
  121  12:02  SCV  
  121  12:04  SCV  
  123  12:09  Ghost  
  123  12:12  Marine x6  
  123  12:14  SCV  
  132  12:16  Marine, SCV, Missile Turret  
  132  12:22  SCV  
  135  12:26  SCV  
  135  12:28  SCV  
  135  12:29  Siege Tank  
  139  12:34  SCV x2  
  141  12:38  SCV  
  141  12:40  SCV  
  141  12:41  Missile Turret  
  141  12:42  Missile Turret  
  141  12:43  Sensor Tower  
  143  12:46  SCV  
  143  12:49  Siege Tank  
  143  12:50  SCV  
  148  12:52  SCV  
  149  12:58  SCV  
  149  13:01  Sensor Tower  
  149  13:03  SCV  
  149  13:04  SCV  
  155  13:11  SCV  

Tags
 
Add a new tag
Caveats
  • Supply blocks, unpowered buildings, or Contaminate may cause inaccurate times.
  • Supply counts are checked every 10 seconds.